 Dungeon Crawl Stone Soup version 0.20.0-15-g7f486f2 (webtiles) character file.

135 botchamania the Sneak (level 5, -1/33 HPs)
             Began as an Octopode Transmuter on June 27, 2017.
             Killed from afar by an orc wizard (6 damage)
             ... with a puff of flame
             ... on level 3 of the Dungeon.
             The game lasted 00:04:57 (2295 turns).

botchamania the Sneak (Octopode Transmuter)         Turns: 2295, Time: 00:04:59

Health: -1/33      AC:  1    Str:  9 (10) XL:     5   Next: 18%
Magic:  8/8        EV: 13    Int: 13 (16) God:
Gold:   81         SH:  0    Dex: 10 (12) Spells: 2/8 levels left

rFire    . . .     SeeInvis .   j - +0 short sword (venom)
rCold    . . .     Gourm    .   (no shield)
rNeg     . . .     Faith    .   (helmet restricted)
rPois    +         Spirit   .   (no amulet)
rElec    .         Reflect  .   i - ring of stealth
rCorr    +         Harm     .   p - ring of poison resistance
MR       .....                  m - ring of resist corrosion
Stlth    +++++.....             (no ring)
Regen    0.2/turn               (no ring)
MPRegen  0.2/turn               (no ring)
                                (no ring)
                                (no ring)

@: no status effects
A: almost no armour, stealthy swim, amphibious, 8 rings, constrict 8, camouflage
1, mutation resistance 1, gelatinous body 1
a: no special abilities


You were on level 3 of the Dungeon.
You were not hungry.

You visited 1 branch of the dungeon, and saw 3 of its levels.

You collected 81 gold pieces.

Inventory:

Hand Weapons
 j - a +0 short sword of venom (weapon)
 n - a +0 rapier
 o - a +2 hand axe of flaming
Missiles
 a - 27 arrows
 f - 110 stones (quivered)
Jewellery
 i - a ring of stealth (left tentacle)
 m - a ring of resist corrosion (on tentacle)
 p - a ring of poison resistance (right tentacle)
Scrolls
 d - 2 scrolls of amnesia
 e - a scroll of remove curse
 r - a scroll of teleportation
Potions
 g - a potion of curing
 h - a potion of flight
 s - a potion of mutation
Books
 b - a book of Changes

   Spells                             Type                      Level
   a - Beastly Appendage              Transmutation                1
   b - Sticks to Snakes               Transmutation                2
   c - Spider Form                    Transmutation/Poison         3
   d - Ice Form                       Ice/Transmutation            4
   e - Blade Hands                    Transmutation                5
 k - a book of Minor Magic

   Spells                             Type                      Level
   a - Magic Dart                     Conjuration                  1
   b - Blink                          Translocation                2
   c - Call Imp                       Summoning                    2
   d - Slow                           Hexes                        2
   e - Conjure Flame                  Conjuration/Fire             3
   f - Mephitic Cloud                 Conjuration/Poison/Air       3
Comestibles
 c - 2 bread rations
 q - 6 chunks of flesh


   Skills:
 - Level 1.0 Fighting
 - Level 2.1 Short Blades
 - Level 2.0 Dodging
 + Level 4.7 Stealth
 - Level 3.0 Unarmed Combat
 - Level 2.0 Spellcasting
 - Level 3.0 Transmutations


You had 2 spell levels left.
You knew the following spells:

 Your Spells              Type           Power        Failure   Level  Hunger
a - Beastly Appendage     Tmut           #.....       8%          1    ##.....
b - Sticks to Snakes      Tmut           #.......     11%         2    ###....
c - Spider Form           Tmut/Pois      #.........   38%         3    ####...


Dungeon Overview and Level Annotations

Branches:
Dungeon (3/15)

Altars:
Yredelemnul


Innate Abilities, Weirdness & Mutations

You cannot wear most types of armour.
You are very stealthy in the water. (Stealth+)
You are amphibious.
You can wear up to eight rings at the same time.
You can use your tentacles to constrict eight enemies at once.
Your skin changes colour to match your surroundings (Stealth+).
Your rubbery body absorbs attacks. (AC +1, EV +1)
You are somewhat resistant to further mutation.


Message History

* * * LOW HITPOINT WARNING * * *
Items here: ( ) [ †† a hand axe; a tomahawk; a leather armour; an orc corpse x2
You feel better. Something hits you.
* * * LOW HITPOINT WARNING * * *
You closely miss something.
You hear some strange, mumbled words.
A puff of flame appears from out of thin air!
The puff of flame misses you.
It was a potion of mutation.
You feel extremely strange.
You feel genetically stable. Something hits you.
* * * LOW HITPOINT WARNING * * *
It was a potion of degeneration.
There was something very wrong with that liquid.
You feel weakened.
You feel dopey.
You feel clumsy.
You hear some strange, mumbled words.
A puff of flame appears from out of thin air!
The puff of flame hits you!
You die...

........##........
.......)'....#####
##......##########
................(###
###############....#
.#### #....# ....#
#..).# ....####
##'### P.P....# #@#
._.....# #{#
P.P....# #..
.......# ####
.#.....#####
.##+#.....<#
.##.#.###### ......#
......#


There were no monsters in sight!

Vanquished Creatures
  A howler monkey (D:3)
  3 adders
  An ooze (D:1)
  3 worms
  2 dart slugs
  A leopard gecko (D:1)
  4 orcs (D:3)
  6 bats
  2 giant cockroaches
  7 goblins
  3 hobgoblins (D:1)
  4 jackals (D:1)
  A quokka (D:3)
  6 kobolds
  10 rats
54 creatures vanquished.

Notes
Turn   | Place    | Note
-------+----------+-------------------------------------------
     0 | D:1      | botchamania the Octopode Transmuter began the quest for the Orb.
     0 | D:1      | Reached XP level 1. HP: 13/13 MP: 3/3
   287 | D:1      | Reached XP level 2. HP: 17/18 MP: 5/5
   298 | D:1      | Learned a level 2 spell: Sticks to Snakes
   854 | D:1      | Reached skill level 1 in Short Blades
   854 | D:1      | Reached XP level 3. HP: 14/23 MP: 6/6
   990 | D:1      | Learned a level 3 spell: Spider Form
  1474 | D:2      | Reached skill level 1 in Stealth
  1530 | D:2      | Reached XP level 4. HP: 26/28 MP: 7/7
  1689 | D:2      | Reached skill level 2 in Stealth
  2027 | D:3      | Found a basalt altar of Yredelemnul.
  2035 | D:3      | Reached skill level 3 in Stealth
  2214 | D:3      | Reached skill level 4 in Stealth
  2214 | D:3      | Reached XP level 5. HP: 31/33 MP: 8/8
  2294 | D:3      | Gained mutation: You are somewhat resistant to further mutation. [potion of mutation]
  2295 | D:3      | Killed from afar by an orc wizard

Skill      XL: |  1  2  3  4 |
---------------+-------------+-----
Transmutations | 3 |  3.0
Short Blades   | 1 2 |  2.1
Stealth        | 1 4 |  4.7
Fighting       | |  1.0
Dodging        | |  2.0
Unarmed Combat | |  3.0
Spellcasting   | |  2.0

Action                   |  1- 3 |  4- 6 || total
-------------------------+-------+-------++-------
Melee: Unarmed           |    20 |       ||    20
       Constrict         |    20 |    11 ||    31
       Tentacles         |    12 |    11 ||    23
       Kick              |     3 |       ||     3
       Short sword       |    43 |    39 ||    82
       Punch             |     1 |     1 ||     2
Throw: Stone             |     3 |       ||     3
 Cast: Beastly Appendage |     5 |       ||     5
  Use: Scroll            |     6 |     1 ||     7
       Potion            |       |     3 ||     3
 Stab: Sleeping          |     6 |     6 ||    12
  Eat: Chunk             |     2 |     2 ||     4
Armor: Skin              |     8 |     2 ||    10
Dodge: Dodged            |    39 |    15 ||    54
